[Event "VI Floripa Open 2020"]
[Site "Florianopolis"]
[Date "2020.01.21"]
[Round "2.53"]
[White "Campagnolo, Fabiola"]
[Black "Antunes, Luciano Justi"]
[Result "0-1"]
[ECO "D94"]
[WhiteElo "1801"]
[BlackElo "2061"]
[Annotator "NA"]
[PlyCount "82"]
[EventDate "2020.01.20"]
[EventType "swiss"]
[EventRounds "10"]
[EventCountry "BRA"]
[SourceTitle "playchess.com"]
[Source "ChessBase"]
[SourceQuality "1"]
[TimeControl "5400+30"]

1. d4 Nf6 2. c4 g6 3. Nc3 d5 4. e3 Bg7 5. Nf3 O-O 6. b3 c5 7. Bb2 cxd4 8. exd4 Nc6 9. Be2 Bg4 10. Ne5 Bxe2 11. Nxe2 Nxe5 12. dxe5 Ng4 13. Qxd5 Qxd5 14. cxd5 Nxe5 15. O-O-O Rac8+ 16. Kb1 Rfd8 17. h3 Nd7 18. Bxg7 Kxg7 19. Kb2 Nf6 20. Nc3 Rc5 21. Rhe1 Kf8 22. b4 Rc4 23. Kb3 Rdc8 24. Re3 a6 25. a4 Rf4 26. f3 Rcc4 27. b5 axb5 28. axb5 Rfd4 29. Red3 Rxd3 30. Rxd3 Rc8 31. d6 e6 32. Ne4 Nd5 33. Nc3 Rxc3+ 34. Rxc3 Nxc3 35. Kxc3 b6 36. Kd4 f6 37. g4 g5 38. Ke4 Ke8 39. f4 h6 40. f5 e5 41. Kd3 Kd7 0-1

[Event "VI Floripa Open 2020"]
[Site "Florianopolis"]
[Date "2020.01.21"]
[Round "2.54"]
[White "Nunes, Guilherme Sacardo Te"]
[Black "Volkmann, Andre Jordi"]
[Result "0-1"]
[ECO "B01"]
[WhiteElo "1808"]
[BlackElo "2040"]
[Annotator "NA"]
[PlyCount "64"]
[EventDate "2020.01.20"]
[EventType "swiss"]
[EventRounds "10"]
[EventCountry "BRA"]
[SourceTitle "playchess.com"]
[Source "ChessBase"]
[SourceQuality "1"]
[TimeControl "5400+30"]

1. e4 d5 2. exd5 Qxd5 3. Nc3 Qa5 4. d4 c6 5. Bc4 Nf6 6. Nf3 Bg4 7. h3 Bxf3 8. Qxf3 e6 9. O-O Nbd7 10. Ne4 Nxe4 11. Qxe4 Nf6 12. Qe2 Bd6 13. c3 Nd5 14. f4 O-O 15. f5 Rfe8 16. Qg4 Nf6 17. Qh4 exf5 18. g4 Qc7 19. Kg2 fxg4 20. hxg4 Re4 21. Rxf6 gxf6 22. Bd3 Qe7 23. Be3 Qe6 24. Bxe4 Qxe4+ 25. Kf2 Re8 26. Re1 Qg6 27. Kf3 Re4 28. Rg1 c5 29. Qh5 Re8 30. Qf5 Kh8 31. dxc5 Qxf5+ 32. gxf5 Rxe3+ 0-1

[Event "VI Floripa Open 2020"]
[Site "Florianopolis"]
[Date "2020.01.21"]
[Round "2.56"]
[White "Da Rosa, Henrique Jaze Simoes"]
[Black "De Lima, Alexsandro Barros"]
[Result "0-1"]
[ECO "A26"]
[WhiteElo "1763"]
[BlackElo "2205"]
[Annotator "ChessBase"]
[PlyCount "76"]
[EventDate "2020.01.20"]
[EventType "swiss"]
[EventRounds "10"]
[EventCountry "BRA"]
[SourceTitle "playchess.com"]
[Source "ChessBase"]
[SourceQuality "1"]
[TimeControl "5400+30"]

1. Nf3 g6 2. c4 Bg7 3. g3 e5 4. d3 Nc6 5. Bg2 f5 6. O-O Nf6 7. Nc3 d6 8. e4 f4 9. gxf4 O-O 10. fxe5 dxe5 11. Bg5 h6 12. Bxf6 Qxf6 13. Nd5 Qd8 14. Qd2 Bg4 15. Ne1 Nd4 16. f3 Bh5 17. Qe3 c6 18. Nc3 Qb6 19. Qf2 Bf6 20. Kh1 Rf7 21. Rb1 Qd8 22. Ne2 Bh4 23. Ng3 Qg5 24. Rd1 Raf8 25. b3 Bg4 26. Kg1 Bc8 27. Kh1 h5 28. Qd2 Qe7 29. Qh6 Rg7 30. Qd2 Bg5 31. Qf2 h4 32. Ne2 Nxe2 33. Qxe2 h3 34. Rg1 hxg2+ 35. Qxg2 Be3 36. Rf1 Qh4 37. Qg3 Qxg3 38. hxg3 Rh7+ 0-1

[Event "VI Floripa Open 2020"]
[Site "Florianopolis"]
[Date "2020.01.21"]
[Round "2.57"]
[White "Martinez, Augusto Gonzalez"]
[Black "Frois, Vitor Amorim"]
[Result "0-1"]
[ECO "D85"]
[WhiteElo "1772"]
[BlackElo "2200"]
[Annotator "ChessBase"]
[PlyCount "114"]
[EventDate "2020.01.20"]
[EventType "swiss"]
[EventRounds "10"]
[EventCountry "BRA"]
[SourceTitle "playchess.com"]
[Source "ChessBase"]
[SourceQuality "1"]
[TimeControl "5400+30"]

1. d4 Nf6 2. c4 g6 3. Nc3 d5 4. cxd5 Nxd5 5. e4 Nxc3 6. bxc3 Bg7 7. Nf3 c5 8. Rb1 O-O 9. Be2 b6 10. O-O Bb7 11. d5 Bxc3 12. Bc4 Nd7 13. Bf4 Bg7 14. Qe2 Nf6 15. Rfd1 Qd7 16. h3 Kh8 17. Bh2 Rad8 18. Ne5 Qc8 19. Bb5 e6 20. Nc6 exd5 21. Nxd8 Rxd8 22. exd5 Nxd5 23. Be5 Qe6 24. Bxg7+ Kxg7 25. Qb2+ Qf6 26. Bc4 Rd6 27. Rd3 Qxb2 28. Rxb2 Kf6 29. f4 Ke6 30. Re2+ Kd7 31. Red2 Ke6 32. g4 f5 33. g5 Bc6 34. a4 Bb7 35. Kh2 Bc6 36. Kg3 Bb7 37. Re2+ Kd7 38. Re5 Ne7 39. Rxd6+ Kxd6 40. Re6+ Kd7 41. Rf6 Bd5 42. Bb5+ Kc7 43. Kf2 Bb3 44. Kg3 c4 45. Re6 Nd5 46. Re1 Kd6 47. Rc1 Kc5 48. Kf3 Kd4 49. Bc6 Nb4 50. Be8 Nd3 51. Rf1 c3 52. Bb5 c2 53. Bxd3 Kxd3 54. Re1 Kd2 55. Re2+ Kc3 56. Re1 Kb2 57. Re2 Kb1 0-1

[Event "VI Floripa Open 2020"]
[Site "Florianopolis"]
[Date "2020.01.21"]
[Round "2.58"]
[White "Zuriel, Marisa"]
[Black "Backes, Jorge Henrique"]
[Result "1-0"]
[ECO "B07"]
[WhiteElo "2178"]
[BlackElo "1761"]
[Annotator "ChessBase"]
[PlyCount "33"]
[EventDate "2020.01.20"]
[EventType "swiss"]
[EventRounds "10"]
[EventCountry "BRA"]
[SourceTitle "playchess.com"]
[Source "ChessBase"]
[SourceQuality "1"]
[TimeControl "5400+30"]

1. e4 d6 2. d4 Nf6 3. Nc3 g6 4. Bg5 c6 5. Qd2 Nbd7 6. Nf3 Qa5 7. Bd3 Bg7 8. h3 b5 9. O-O b4 10. Ne2 e5 11. dxe5 dxe5 12. Bh6 O-O 13. Ng3 Re8 14. Bxg7 Kxg7 15. Qg5 Nc5 16. Nh4 Ng8 17. Nh5+ 1-0

[Event "VI Floripa Open 2020"]
[Site "Florianopolis"]
[Date "2020.01.21"]
[Round "2.59"]
[White "Predebon, Eduardo Angonesi"]
[Black "Fajardo Freire, Joao Alfredo Cas"]
[Result "0-1"]
[ECO "C00"]
[WhiteElo "1756"]
[BlackElo "2108"]
[Annotator "ChessBase"]
[PlyCount "46"]
[EventDate "2020.01.20"]
[EventType "swiss"]
[EventRounds "10"]
[EventCountry "BRA"]
[SourceTitle "playchess.com"]
[Source "ChessBase"]
[SourceQuality "1"]
[TimeControl "5400+30"]

1. e4 c5 2. Nf3 e6 3. d3 Nc6 4. g3 d5 5. Qe2 Nf6 6. Bg2 Be7 7. O-O O-O 8. e5 Nd7 9. c4 f6 10. Bh3 Ndxe5 11. Re1 Nxf3+ 12. Qxf3 Nd4 13. Qd1 e5 14. Bg2 dxc4 15. dxc4 Rb8 16. Nc3 Bf5 17. Ne4 Be6 18. b3 Qd7 19. Ba3 b6 20. Rc1 Rbd8 21. Qd3 Bg4 22. Qe3 Qf5 23. Nd2 Nc2 0-1

[Event "VI Floripa Open 2020"]
[Site "Florianopolis"]
[Date "2020.01.21"]
[Round "2.60"]
[White "Durante, Taina"]
[Black "Do Nascimento, Christian Almeida"]
[Result "0-1"]
[ECO "C07"]
[WhiteElo "1752"]
[BlackElo "2054"]
[Annotator "NA"]
[PlyCount "40"]
[EventDate "2020.01.20"]
[EventType "swiss"]
[EventRounds "10"]
[EventCountry "BRA"]
[SourceTitle "playchess.com"]
[Source "ChessBase"]
[SourceQuality "1"]
[TimeControl "5400+30"]

1. e4 e6 2. d4 d5 3. Nd2 c5 4. exd5 Qxd5 5. dxc5 Bxc5 6. Ngf3 Nf6 7. Bd3 O-O 8. O-O Nc6 9. Qe2 Qh5 10. c3 e5 11. Ne4 Nxe4 12. Qxe4 g6 13. Bb5 Bf5 14. Qd5 Bb6 15. Bxc6 bxc6 16. Qxc6 Rac8 17. Qf6 Bd3 18. Re1 e4 19. Nd4 Bd8 20. Qd6 Bc4 0-1

[Event "VI Floripa Open 2020"]
[Site "Florianopolis"]
[Date "2020.01.21"]
[Round "2.61"]
[White "Soares, Joao Carlos T. C."]
[Black "Melo, Igor de Souza"]
[Result "1-0"]
[ECO "B70"]
[WhiteElo "2032"]
[BlackElo "1755"]
[Annotator "NA"]
[PlyCount "133"]
[EventDate "2020.01.20"]
[EventType "swiss"]
[EventRounds "10"]
[EventCountry "BRA"]
[SourceTitle "playchess.com"]
[Source "ChessBase"]
[SourceQuality "1"]
[TimeControl "5400+30"]

1. e4 c5 2. Nf3 Nc6 3. d4 cxd4 4. Nxd4 g6 5. Nc3 Bg7 6. Nde2 Nf6 7. g3 O-O 8. Bg2 d6 9. O-O Bd7 10. h3 a6 11. a4 Rb8 12. Be3 b5 13. axb5 axb5 14. Nd5 Nxd5 15. exd5 Na5 16. Bd4 Bxd4 17. Nxd4 e5 18. dxe6 fxe6 19. Qe1 Qf6 20. Qxa5 Qxd4 21. Qc7 Rbd8 22. Rad1 Qc5 23. Qxd6 Qxc2 24. Rd2 Qc4 25. Qe7 Qc8 26. Rfd1 Rf7 27. Qd6 Rdf8 28. h4 Qe8 29. f4 Qc8 30. Bh3 Re8 31. Re1 Rfe7 32. Bg2 Rf7 33. Rde2 Qb8 34. Qxb8 Rxb8 35. Bh3 Rf6 36. Bxe6+ Bxe6 37. Rxe6 Rxe6 38. Rxe6 Rb7 39. b4 Kf7 40. Re5 Kf6 41. Kf2 Rb6 42. Ke3 h5 43. Kd4 Rb8 44. Kc5 Rb7 45. Kc6 Rb8 46. Rxb5 Rc8+ 47. Kb6 Rc4 48. Ka5 Rc3 49. Rg5 Ra3+ 50. Kb6 Kf7 51. b5 Rb3 52. Kc6 Rc3+ 53. Kb7 Rb3 54. b6 Kf6 55. Kc7 Rc3+ 56. Kb8 Rb3 57. b7 Kf7 58. Rc5 Rxg3 59. Kc7 g5 60. fxg5 Re3 61. b8=Q Re7+ 62. Kb6 Kg6 63. Qg8+ Rg7 64. Qe6+ Kh7 65. Qh6+ Kg8 66. Rc8+ Kf7 67. Qf6# 1-0

[Event "VI Floripa Open 2020"]
[Site "Florianopolis"]
[Date "2020.01.21"]
[Round "2.62"]
[White "Gadea, Fernando"]
[Black "Cantarino Neto, Mario Ribeiro"]
[Result "0-1"]
[ECO "C33"]
[WhiteElo "1748"]
[BlackElo "2004"]
[Annotator "NA"]
[PlyCount "60"]
[EventDate "2020.01.20"]
[EventType "swiss"]
[EventRounds "10"]
[EventCountry "BRA"]
[SourceTitle "playchess.com"]
[Source "ChessBase"]
[SourceQuality "1"]
[TimeControl "5400+30"]

1. e4 e5 2. f4 exf4 3. Bc4 Qh4+ 4. Kf1 d6 5. Nf3 Qh6 6. d4 Be6 7. Qe2 Nd7 8. Nc3 Ngf6 9. Kg1 Nh5 10. Nb5 Kd8 11. a4 c6 12. Nc3 g5 13. Bxe6 fxe6 14. g4 Nhf6 15. h4 Qg7 16. Nxg5 Qg8 17. e5 dxe5 18. dxe5 Bc5+ 19. Kf1 h6 20. exf6 hxg5 21. h5 Nxf6 22. Ne4 Nxe4 23. Qxe4 Qg7 24. Rh3 Kc7 25. c3 Rad8 26. Ke2 Rd5 27. Kf3 Qd7 28. b4 Be7 29. Ra2 Bf6 30. Re2 e5 0-1

[Event "VI Floripa Open 2020"]
[Site "Florianopolis"]
[Date "2020.01.21"]
[Round "2.63"]
[White "Arndt, Claudio Felipe"]
[Black "Custodio, Leandro"]
[Result "1/2-1/2"]
[ECO "A47"]
[WhiteElo "1728"]
[BlackElo "1994"]
[Annotator "NA"]
[PlyCount "92"]
[EventDate "2020.01.20"]
[EventType "swiss"]
[EventRounds "10"]
[EventCountry "BRA"]
[SourceTitle "playchess.com"]
[Source "ChessBase"]
[SourceQuality "1"]
[TimeControl "5400+30"]

1. d4 Nf6 2. Bf4 e6 3. e3 b6 4. Nf3 Bb7 5. h3 Bd6 6. Bxd6 cxd6 7. Nbd2 O-O 8. Bd3 d5 9. Qe2 Ne4 10. O-O f5 11. c4 g5 12. Nh2 Nxd2 13. Qxd2 h5 14. f3 dxc4 15. Bxc4 d5 16. Bb3 Kh8 17. Rae1 Nc6 18. Bd1 Qf6 19. f4 g4 20. g3 Ba6 21. Be2 Bxe2 22. Qxe2 Rf7 23. h4 Rc7 24. Rc1 Rac8 25. Qd2 Qe7 26. Rc3 Na5 27. Rfc1 Nb7 28. R1c2 Nd6 29. Qc1 Rxc3 30. Rxc3 Rxc3 31. Qxc3 Qd7 32. Nf1 Ne4 33. Qc2 Kg7 34. Kg2 Kf7 35. Nd2 Nxd2 36. Qxd2 Qb5 37. b3 Ke7 38. Kf2 a5 39. Qe2 Qc6 40. Qd2 a4 41. Qb4+ Kd8 42. bxa4 Qc2+ 43. Ke1 Qc1+ 44. Ke2 Qc2+ 45. Ke1 Qc1+ 46. Ke2 Qc2+ 1/2-1/2

[Event "VI Floripa Open 2020"]
[Site "Florianopolis"]
[Date "2020.01.21"]
[Round "2.64"]
[White "De Oliveira, Guilherme Alfredo B"]
[Black "Cordeiro, Yan Henrique"]
[Result "1-0"]
[ECO "A13"]
[WhiteElo "1991"]
[BlackElo "1749"]
[Annotator "NA"]
[PlyCount "69"]
[EventDate "2020.01.20"]
[EventType "swiss"]
[EventRounds "10"]
[EventCountry "BRA"]
[SourceTitle "playchess.com"]
[Source "ChessBase"]
[SourceQuality "1"]
[TimeControl "5400+30"]

1. Nf3 d5 2. c4 e6 3. b3 Nf6 4. Bb2 c6 5. e3 Nbd7 6. Be2 Be7 7. O-O O-O 8. d3 b6 9. Nbd2 Bb7 10. Re1 c5 11. Ne5 Nxe5 12. Bxe5 Nd7 13. Bg3 Bf6 14. Rc1 Be5 15. f4 Bd6 16. e4 dxe4 17. dxe4 e5 18. f5 Qe7 19. Bd3 Rad8 20. Nb1 Nb8 21. Nc3 Nc6 22. Nd5 Qg5 23. Bf2 Rd7 24. f6 Nb4 25. Be3 Qg6 26. fxg7 Rfd8 27. Rf1 Bxd5 28. cxd5 Kxg7 29. Rf3 Kh8 30. Rg3 Nxd3 31. Rxg6 Nxc1 32. Rg3 Nxa2 33. Bg5 Be7 34. Qg4 f6 35. Bh4 1-0

[Event "VI Floripa Open 2020"]
[Site "Florianopolis"]
[Date "2020.01.21"]
[Round "2.65"]
[White "Panazzolo, Paulo Victor"]
[Black "Zimmermann, Kleber Renato P."]
[Result "0-1"]
[ECO "A39"]
[WhiteElo "1727"]
[BlackElo "1990"]
[Annotator "NA"]
[PlyCount "56"]
[EventDate "2020.01.20"]
[EventType "swiss"]
[EventRounds "10"]
[EventCountry "BRA"]
[SourceTitle "playchess.com"]
[Source "ChessBase"]
[SourceQuality "1"]
[TimeControl "5400+30"]

1. d4 Nf6 2. c4 c5 3. Nf3 g6 4. g3 Bg7 5. Bg2 O-O 6. O-O cxd4 7. Nxd4 Nc6 8. Nc3 Nxd4 9. Qxd4 d6 10. Bg5 h6 11. Be3 Ng4 12. Qd2 Nxe3 13. Qxe3 Be6 14. Bxb7 Rb8 15. Bd5 Bxd5 16. Nxd5 e6 17. Nf4 Bxb2 18. Rab1 Qa5 19. Nxg6 fxg6 20. Qxe6+ Kh7 21. Rbd1 Ba3 22. Rd5 Bc5 23. e3 Qc7 24. Qe4 Rb2 25. h4 Qf7 26. h5 Rxa2 27. hxg6+ Qxg6 28. Qxg6+ Kxg6 0-1

[Event "VI Floripa Open 2020"]
[Site "Florianopolis"]
[Date "2020.01.21"]
[Round "2.66"]
[White "Maranhao, Jose Renato Ruiz"]
[Black "Souza Jr, Helemberg Cubica De"]
[Result "1-0"]
[ECO "B81"]
[WhiteElo "1989"]
[BlackElo "1747"]
[Annotator "NA"]
[PlyCount "70"]
[EventDate "2020.01.20"]
[EventType "swiss"]
[EventRounds "10"]
[EventCountry "BRA"]
[SourceTitle "playchess.com"]
[Source "ChessBase"]
[SourceQuality "1"]
[TimeControl "5400+30"]

1. e4 c5 2. Nf3 d6 3. d4 cxd4 4. Nxd4 Nf6 5. Nc3 e6 6. g4 h6 7. h4 Nc6 8. g5 hxg5 9. Bxg5 Be7 10. Be2 a6 11. Qd2 Qc7 12. O-O-O b5 13. f4 b4 14. e5 bxc3 15. Qxc3 Bb7 16. exf6 gxf6 17. Nxe6 fxe6 18. Bxf6 Bxf6 19. Qxf6 Kd7 20. f5 Rhe8 21. fxe6+ Rxe6 22. Bg4 Rae8 23. Rhe1 Nd8 24. Bxe6+ Nxe6 25. Rd3 Qc4 26. Red1 d5 27. Kb1 Qf4 28. Qc3 Qxh4 29. Qa5 Qc4 30. b3 Qc5 31. Rxd5+ Bxd5 32. Rxd5+ Qxd5 33. Qxd5+ Kc7 34. Qc4+ Kb6 35. a4 Nc5 1-0

[Event "VI Floripa Open 2020"]
[Site "Florianopolis"]
[Date "2020.01.21"]
[Round "2.68"]
[White "Dalanhol, Joao Vitor"]
[Black "Bonfim, Regina Rodrigues"]
[Result "1-0"]
[ECO "A00"]
[WhiteElo "1988"]
[BlackElo "1726"]
[Annotator "NA"]
[PlyCount "89"]
[EventDate "2020.01.20"]
[EventType "swiss"]
[EventRounds "10"]
[EventCountry "BRA"]
[SourceTitle "playchess.com"]
[Source "ChessBase"]
[SourceQuality "1"]
[TimeControl "5400+30"]

1. e4 c6 2. d4 d5 3. Nc3 dxe4 4. Nxe4 Nd7 5. Nf3 Ngf6 6. Ng3 g6 7. Bc4 Bg7 8. O-O O-O 9. Re1 Nb6 10. Bb3 Bg4 11. c3 Nh5 12. Nxh5 Bxh5 13. h3 Bxf3 14. Qxf3 e6 15. Bf4 Nd5 16. Bg3 a5 17. Re2 a4 18. Bxd5 cxd5 19. Qd3 Qd7 20. a3 Qc6 21. Qd2 Rfc8 22. Rae1 Rf8 23. Be5 Rac8 24. h4 f6 25. Bf4 Rce8 26. Bh6 Rf7 27. Bxg7 Kxg7 28. Re3 Rfe7 29. Qe2 e5 30. dxe5 Rxe5 31. Qd2 Rxe3 32. Rxe3 Rxe3 33. Qxe3 b5 34. Qe7+ Kg8 35. g3 f5 36. h5 gxh5 37. Qg5+ Qg6 38. Qd8+ Kg7 39. Qxd5 Kh6 40. Qxb5 h4 41. Qxa4 hxg3 42. Qh4+ Qh5 43. Qxh5+ Kxh5 44. fxg3 Kg4 45. Kg2 {abd} 1-0

[Event "VI Floripa Open 2020"]
[Site "Florianopolis"]
[Date "2020.01.21"]
[Round "2.70"]
[White "Cardoso, Lucca Pimenta"]
[Black "De Souza Sa, Apolo"]
[Result "0-1"]
[ECO "A00"]
[WhiteElo "1722"]
[BlackElo "1976"]
[Annotator "NA"]
[PlyCount "54"]
[EventDate "2020.01.20"]
[EventType "swiss"]
[EventRounds "10"]
[EventCountry "BRA"]
[SourceTitle "playchess.com"]
[Source "ChessBase"]
[SourceQuality "1"]
[TimeControl "5400+30"]

1. d4 f5 2. e3 Nf6 3. f4 e6 4. Nf3 Be7 5. Bd3 c5 6. c3 b6 7. O-O O-O 8. Nbd2 Na6 9. Qe2 Nc7 10. e4 fxe4 11. Nxe4 Nfd5 12. Nfg5 h6 13. Qh5 Qe8 14. Qh3 d6 15. g4 cxd4 16. Nh7 Rf7 17. Neg5 Bxg5 18. fxg5 Ba6 19. c4 Nb4 20. gxh6 Nxd3 21. Qxd3 Rxf1+ 22. Kxf1 Qf7+ 23. Kg1 gxh6 24. Qxd4 Qg6 25. Qxd6 Bxc4 26. Bf4 Ne8 27. Qd4 Kxh7 {abd} 0-1

[Event "VI Floripa Open 2020"]
[Site "Florianopolis"]
[Date "2020.01.21"]
[Round "2.71"]
[White "Heinechen, John"]
[Black "Pereira, Armando Scharlau"]
[Result "1-0"]
[ECO "A00"]
[WhiteElo "1974"]
[BlackElo "1716"]
[Annotator "NA"]
[PlyCount "55"]
[EventDate "2020.01.20"]
[EventType "swiss"]
[EventRounds "10"]
[EventCountry "BRA"]
[SourceTitle "playchess.com"]
[Source "ChessBase"]
[SourceQuality "1"]
[TimeControl "5400+30"]

1. e4 e6 2. d4 d5 3. Nd2 c5 4. c3 cxd4 5. cxd4 Nc6 6. Ngf3 Be7 7. Bd3 Nh6 8. O-O O-O 9. Nb3 Kh8 10. h3 Ng8 11. e5 f5 12. exf6 Bxf6 13. Re1 Bd7 14. Bd2 Qe7 15. Rc1 Rac8 16. a3 Qf7 17. Bc3 b6 18. Ba6 Rce8 19. Rc2 Nge7 20. Nc1 Ng6 21. Bb5 Be7 22. Nd3 Bd6 23. b3 Nb8 24. Bxd7 Nxd7 25. Bb4 Qe7 26. Rc7 a5 27. Nde5 Ngxe5 28. Nxe5 1-0

[Event "VI Floripa Open 2020"]
[Site "Florianopolis"]
[Date "2020.01.21"]
[Round "2.72"]
[White "Kim, Thiago"]
[Black "Portes Junior, Dirceu Atanazio"]
[Result "1/2-1/2"]
[ECO "A00"]
[WhiteElo "1717"]
[BlackElo "1969"]
[Annotator "NA"]
[PlyCount "64"]
[EventDate "2020.01.20"]
[EventType "swiss"]
[EventRounds "10"]
[EventCountry "BRA"]
[SourceTitle "playchess.com"]
[Source "ChessBase"]
[SourceQuality "1"]
[TimeControl "5400+30"]

1. e4 c5 2. Nf3 e6 3. d4 cxd4 4. Nxd4 a6 5. Nc3 Qc7 6. Be3 Nf6 7. Qd2 b5 8. f3 Bb7 9. Be2 Bb4 10. O-O O-O 11. Bg5 Bc5 12. Kh1 Nc6 13. Nb3 Be7 14. Rfd1 Rfd8 15. a3 b4 16. axb4 Nxb4 17. Bf4 e5 18. Bg5 d5 19. Bxf6 Bxf6 20. Nxd5 Nxd5 21. exd5 Rxd5 22. Qb4 a5 23. Qc4 Rxd1+ 24. Rxd1 Qxc4 25. Bxc4 Rd8 26. Rxd8+ Bxd8 27. Nc5 Bc6 28. b3 Kf8 29. Bd3 Bb6 30. Be4 Be8 31. Na4 Bd4 32. g3 g6 1/2-1/2

[Event "VI Floripa Open 2020"]
[Site "Florianopolis"]
[Date "2020.01.21"]
[Round "2.73"]
[White "Goncalves, Ruan Lucas Alves"]
[Black "Moritz, Diego Homrich"]
[Result "1-0"]
[ECO "A00"]
[WhiteElo "1966"]
[BlackElo "1700"]
[Annotator "NA"]
[PlyCount "48"]
[EventDate "2020.01.20"]
[EventType "swiss"]
[EventRounds "10"]
[EventCountry "BRA"]
[SourceTitle "playchess.com"]
[Source "ChessBase"]
[SourceQuality "1"]
[TimeControl "5400+30"]

1. e4 c5 2. Nf3 d6 3. d4 cxd4 4. Nxd4 Nf6 5. Nc3 e6 6. g4 a6 7. g5 Nfd7 8. Be3 Nc6 9. f4 Nxd4 10. Qxd4 Qc7 11. O-O-O b5 12. Be2 Bb7 13. f5 e5 14. Qd2 Rc8 15. a3 Be7 16. h4 Nb6 17. f6 gxf6 18. gxf6 Bf8 19. Rhg1 Nc4 20. Bxc4 Qxc4 21. Bh6 Bxh6 22. Qxh6 a5 23. Qg7 Rf8 24. Rxd6 b4 {Ilegível} 1-0

[Event "VI Floripa Open 2020"]
[Site "Florianopolis"]
[Date "2020.01.21"]
[Round "2.74"]
[White "Dos Santos, Guilherme Fortes"]
[Black "Araujo, Everson De Moura"]
[Result "1/2-1/2"]
[ECO "A00"]
[WhiteElo "1698"]
[BlackElo "1958"]
[Annotator "NA"]
[PlyCount "48"]
[EventDate "2020.01.20"]
[EventType "swiss"]
[EventRounds "10"]
[EventCountry "BRA"]
[SourceTitle "playchess.com"]
[Source "ChessBase"]
[SourceQuality "1"]
[TimeControl "5400+30"]

1. d4 d5 2. c4 c6 3. Nc3 Nf6 4. Bg5 Nbd7 5. e3 e6 6. Nf3 h6 7. Bh4 Be7 8. Be2 O-O 9. c5 b6 10. b4 a5 11. a3 Re8 12. O-O Nf8 13. Ne5 Bb7 14. b5 bxc5 15. bxc6 Ba6 16. Bb5 Ne4 17. Bxe7 Qxe7 18. Bxa6 Rxa6 19. Qc2 Rb6 20. Na4 Rb4 21. f3 f6 22. fxe4 fxe5 23. Nxc5 Rb6 24. exd5 exd5 1/2-1/2

[Event "VI Floripa Open 2020"]
[Site "Florianopolis"]
[Date "2020.01.21"]
[Round "2.75"]
[White "Marques, Eudes Pinto"]
[Black "Silva, Guilherme Henrique D"]
[Result "0-1"]
[ECO "A00"]
[WhiteElo "1955"]
[BlackElo "1697"]
[Annotator "NA"]
[PlyCount "55"]
[EventDate "2020.01.20"]
[EventType "swiss"]
[EventRounds "10"]
[EventCountry "BRA"]
[SourceTitle "playchess.com"]
[Source "ChessBase"]
[SourceQuality "1"]
[TimeControl "5400+30"]

1. c4 e5 2. Nc3 Nf6 3. e4 Nc6 4. g3 Bb4 5. Nge2 d6 6. Bg2 Be6 7. d3 Qd7 8. Bd2 Bh3 9. Bxh3 Qxh3 10. Ng1 Qd7 11. Nf3 a6 12. a3 Bc5 13. h3 Ba7 14. Qe2 Nd4 15. Nxd4 Bxd4 16. Be3 Bxe3 17. Qxe3 h5 18. Nd5 Nxd5 19. cxd5 Qb5 20. O-O f6 21. d4 Qb6 22. Rfd1 O-O 23. Qc3 Rfe8 24. Rac1 Rf8 25. Rd2 Kh8 26. a4 a5 27. Qd3 exd4 28. Rc4 {Ilegível} 0-1

[Event "VI Floripa Open 2020"]
[Site "Florianopolis"]
[Date "2020.01.21"]
[Round "2.76"]
[White "Dos Anjos, Diovana Ferreira"]
[Black "Baeta, Marcio Netto"]
[Result "0-1"]
[ECO "A00"]
[WhiteElo "1691"]
[BlackElo "1953"]
[Annotator "NA"]
[PlyCount "54"]
[EventDate "2020.01.20"]
[EventType "swiss"]
[EventRounds "10"]
[EventCountry "BRA"]
[SourceTitle "playchess.com"]
[Source "ChessBase"]
[SourceQuality "1"]
[TimeControl "5400+30"]

1. e4 Nf6 2. d3 e5 3. Ne2 d5 4. exd5 Nxd5 5. a3 Nc6 6. Nbc3 Be6 7. Bd2 Bc5 8. Ne4 Be7 9. N2c3 f5 10. Ng3 O-O 11. Nxd5 Bxd5 12. c4 Be6 13. Bc3 Bg5 14. Be2 Nd4 15. O-O f4 16. Bxd4 fxg3 17. Bxe5 gxf2+ 18. Kh1 Bf6 19. Bxf6 Qxf6 20. Qc2 Rad8 21. Rad1 g5 22. Qc3 Rd4 23. Bf3 g4 24. Bxb7 g3 25. Bd5 Rh4 26. h3 Bxd5 27. Qxf6 Rxh3# 0-1

[Event "VI Floripa Open 2020"]
[Site "Florianopolis"]
[Date "2020.01.21"]
[Round "2.77"]
[White "Carneiro, Claudionor Chaves"]
[Black "Okamura, Milton Kasuo"]
[Result "0-1"]
[ECO "A00"]
[WhiteElo "1680"]
[BlackElo "1946"]
[Annotator "NA"]
[PlyCount "79"]
[EventDate "2020.01.20"]
[EventType "swiss"]
[EventRounds "10"]
[EventCountry "BRA"]
[SourceTitle "playchess.com"]
[Source "ChessBase"]
[SourceQuality "1"]
[TimeControl "5400+30"]

1. e4 c5 2. Nc3 e6 3. Nf3 Nc6 4. d4 cxd4 5. Nxd4 Qc7 6. Be3 a6 7. Nb3 Nf6 8. f3 b5 9. Qd2 Ne5 10. O-O-O Be7 11. Qf2 O-O 12. Bb6 Qb8 13. Bc5 d6 14. Bb4 Nc6 15. Ba5 Nxa5 16. Nxa5 Qc7 17. Nb3 Bb7 18. g4 Nd7 19. h4 Rac8 20. Bd3 Ne5 21. Kb1 Bc6 22. f4 Nxg4 23. Qg3 h5 24. Rhg1 b4 25. Ne2 Bb5 26. Ned4 Bxd3 27. cxd3 Bf6 28. Rc1 Qb6 29. Nc2 a5 30. Nd2 a4 31. Nc4 Qb8 32. N2e3 Nxe3 33. Qxe3 g6 34. e5 dxe5 35. fxe5 Bg7 36. d4 Kh7 37. Qe4 Bh6 38. Ne3 Qa7 39. Rc2 b3 40. axb3 {abd} 0-1

[Event "VI Floripa Open 2020"]
[Site "Florianopolis"]
[Date "2020.01.21"]
[Round "2.78"]
[White "Souza, Atahander"]
[Black "Feller, Gabriela Luisa Vicen"]
[Result "1-0"]
[ECO "A00"]
[WhiteElo "1946"]
[BlackElo "1691"]
[Annotator "NA"]
[PlyCount "101"]
[EventDate "2020.01.20"]
[EventType "swiss"]
[EventRounds "10"]
[EventCountry "BRA"]
[SourceTitle "playchess.com"]
[Source "ChessBase"]
[SourceQuality "1"]
[TimeControl "5400+30"]

1. b3 d5 2. Bb2 Nf6 3. e3 c5 4. f4 Nc6 5. Bb5 Bd7 6. Nf3 e6 7. O-O Be7 8. d3 O-O 9. Bxc6 Bxc6 10. Nbd2 Ng4 11. Qe1 Bf6 12. Ne5 Nxe5 13. Bxe5 Bxe5 14. fxe5 Qa5 15. Nf3 Qxe1 16. Raxe1 a5 17. h4 a4 18. Ra1 Rfc8 19. Rfc1 Ra5 20. Rcb1 axb3 21. axb3 Rca8 22. Rxa5 Rxa5 23. Rb2 Kf8 24. Kf2 Ke7 25. Nd2 Kd7 26. d4 b6 27. g4 Bb7 28. b4 cxb4 29. Rxb4 Ra2 30. Rxb6 Kc7 31. Rb1 Rxc2 32. Ke1 Rc3 33. Kf2 Rc2 34. Ke1 Ba6 35. Kd1 Rc3 36. Rb3 Rxb3 37. Nxb3 Bc4 38. Nd2 Bd3 39. g5 Kb6 40. Nb3 Bb5 41. Kd2 Ba4 42. Nc5 Bc6 43. Nd3 Bb5 44. Nf4 g6 45. Nh3 Bf1 46. Nf2 Bg2 47. Ng4 Be4 48. Nh6 Bf5 49. Nxf7 Kc7 50. Nh6 Bh3 51. Ng8 {abd} 1-0